 Dungeon Crawl Stone Soup version 0.26-a0-651-gb41185065b (webtiles) character file.

Game seed: 14057553950799486926

42 Lanoc the Skirmisher (level 3, -4/27 HPs)
             Began as a Kobold Wanderer on Oct 28, 2020.
             Slain by a river rat (8 damage)
             ... on level 3 of the Dungeon.
             The game lasted 00:02:43 (879 turns).

Lanoc the Skirmisher (Kobold Wanderer)               Turns: 879, Time: 00:02:44

Health: -4/27      AC:  3    Str:  8    XL:     3   Next: 77%
Magic:  3/3        EV: 15    Int: 15    God:
Gold:   55         SH:  0    Dex: 14    Spells: 2/2 levels left

rFire    . . .     SeeInvis .   a - +2 spear
rCold    . . .     Faith    .   (shield restricted)
rNeg     . . .     Spirit   .   c - +0 robe
rPois    .         Reflect  .   (no helmet)
rElec    .         Harm     .   d - +0 cloak
rCorr    .         Rampage  .   (no gloves)
MR       .....                  (no boots)
Stlth    ++........             (no amulet)
HPRegen  0.09/turn              (no ring)
MPRegen  0.08/turn              (no ring)

@: flying
A: small, nightstalker 3
a: no special abilities


You were on level 3 of the Dungeon.
You visited 1 branch of the dungeon, and saw 3 of its levels.

You collected 55 gold pieces.

Inventory:

Hand Weapons
 a - a +2 spear (weapon)
Armour
 c - a +0 robe (worn)
 d - a +0 cloak (worn)
Scrolls
 g - a scroll of noise {unknown}
Potions
 b - 2 potions of lignification
 e - a potion of flight


   Skills:
 + Level 6.1 Fighting
 - Level 1.1 Throwing
 - Level 2.4 Armour
 + Level 2.5 Dodging
   Level 1.2 Evocations


You had 2 spell levels left.
You didn't know any spells.
Your spell library was empty.

Dungeon Overview and Level Annotations

Branches:
Dungeon (3/15)

Altars:
Ashenzari


Innate Abilities, Weirdness & Mutations

You are small and have problems with some larger weapons.
You are completely attuned to the shadows.


Message History

You hit the river rat but do no damage. The river rat misses you.
Your unstable footing causes you to fumble your attack.
The river rat bites you! The river rat misses you.
You completely miss the river rat. The river rat misses you.
The river rat bites you!
* * * LOW HITPOINT WARNING * * *
The river rat bites you.
* * * LOW HITPOINT WARNING * * *
The river rat closely misses you. The river rat barely misses you.
Okay, then.
The river rat barely misses you.
You feel very buoyant.
You fly up into the air.
The river rat barely misses you.
You hear the rapid rusting of a drain.
A rat comes into view.
A river rat comes into view.
The river rat closely misses you. The river rat bites you!
You die...

.# #.#
#......,,* .#
#.#
*####......,,,
.# #.#
*..........,,,
.# #.#
*..........,,,
.# #.#
*......!##****
.# #.#
####*.####..#
.#########.#
##≈≈###*≈≈##.#
###........#
#≈≈r≈≈≈≈≈≈≈#.#
***
.##.########
*#@r#***≈≈##.#
*,, (##.#
#≈##≈≈**≈#..#
*** .##.#
#r#≈∩≈≈≈≈#..#
.##.#
#≈#≈≈≈≈≈≈#.##
.##.#
#≈##≈≈####..#
.##.#
##≈≈####≈≈##.#
.##.#
#≈≈≈≈≈≈≈≈≈≈..#
.##.#
##≈≈####≈≈####
.##.# ####
####


You could see 2 river rats and a rat (asleep).

Vanquished Creatures
  Natasha (D:3)
  4 leopard geckos (D:3)
  A hobgoblin (D:3)
  A bat (D:3)
  A frilled lizard (D:2)
  4 kobolds
  3 rats
15 creatures vanquished.

Notes
Turn   | Place    | Note
-------+----------+-------------------------------------------
     0 | D:1      | Lanoc the Kobold Wanderer began the quest for the Orb.
     0 | D:1      | Lanoc set off with the following items: a +2 spear, 2
                  | potions of lignification, a +0 robe
     0 | D:1      | Reached XP level 1. HP: 16/16 MP: 1/1
   261 | D:2      | Found a broken altar of Ashenzari.
   446 | D:3      | Reached skill level 1 in Dodging
   446 | D:3      | Reached XP level 2. HP: 21/21 MP: 2/2
   638 | D:3      | Noticed Natasha
   647 | D:3      | Killed Natasha
   647 | D:3      | Reached skill level 6 in Fighting
   647 | D:3      | Reached XP level 3. HP: 13/27 MP: 3/3
   879 | D:3      | Slain by a river rat

Illustrated notes

Levels and vault maps discovered:
D:1:      erik_arrival_triangle_small, layout_rooms, minmay_misc_feat_pillars
D:2:      layout_basic, lemuel_doored_altar, lemuel_crystal_altar, st_stairs_13
D:3:      layout_basic, nicolae_gozag_cash_rules_everything_around_me,
          gup_sewer_entry_bubbles, st_stairs_14, uniq_natasha

Skill      XL: |  1  2 |
---------------+-------+-----
Dodging        | 1 2 |  2.5
Fighting       | 6 |  6.1
Throwing       | |  1.1
Armour         | |  2.4
Evocations     | |  1.2

Action                   || total
-------------------------++-------
Melee: Spear             ||    54
  Use: Scroll            ||     2
       Potion            ||     3
 Stab: Sleeping          ||     7
Armor: Robe              ||     5
Dodge: Dodged            ||    33

Table legend: (Time is in decaauts)
 A = Elapsed time spent in this place.
 B = Non-inter-level travel time spent in this place.
 C = Inter-level travel time spent in this place.
 D = Time resting spent in this place.
 E = Time spent auto-exploring this place.
 F = Levels seen in this place.
 G = Mean time per level.
                   A        B        C        D        E       F      G
               +--------+--------+--------+--------+--------+-----+--------+
         Total |    891 |    872 |     19 |      0 |    393 |   3 |  297.0 |
       Dungeon |    891 |    872 |     19 |      0 |    393 |   3 |  297.0 |
               +--------+--------+--------+--------+--------+-----+--------+

Top non-repeatable levels by time:
     D:3: 586 daAuts
     D:2: 171 daAuts
     D:1: 133 daAuts
